 Dungeon Crawl Stone Soup version 0.31-a0-229-g1fc7ce93e2 (webtiles) character file.

Game seed: 11373335402693798658

277 qw the Shooter (level 6, -1/51 HPs)
             Began as a Minotaur Hexslinger on July 6, 2023.
             Slain by a sky beast (6 damage)
             ... on level 3 of the Dungeon.
             The game lasted 00:00:54 (2678 turns).

qw the Shooter (Minotaur Hexslinger)                Turns: 2678, Time: 00:00:55

Health: -1/51      AC:  5    Str: 12    XL:     6   Next: 4%
Magic:  6/6        EV: 11    Int: 10    God:
Gold:   176        SH:  0    Dex: 15    Spells: 6/7 levels left

rFire   . . .        Y - +1 sling
rCold   . . .        (no shield)
rNeg    . . .        e - +0 ring mail
rPois   .            (helmet restricted)
rElec   .            (no cloak)
rCorr   .            (no gloves)
SInv    .            (no boots)
Will    .....        (no amulet)
Stlth   +            (no ring)
HPRegen 0.28/turn    (no ring)
MPRegen 0.10/turn

%: no passive effects
@: no status effects
A: horns 2, retaliatory headbutt
a: no special abilities


You were on level 3 of the Dungeon.
You visited 1 branch of the dungeon, and saw 4 of its levels.

You collected 176 gold pieces.


Innate Abilities, Weirdness & Mutations

You have a pair of horns on your head.
You reflexively headbutt those who attack you in melee.


   Skills:
 + Level 3.0 Fighting
 - Level 6.4 Ranged Weapons
 - Level 1.0 Armour
 - Level 2.1 Dodging
 - Level 1.0 Spellcasting
 - Level 2.0 Hexes


You had 6 spell levels left.
You knew the following spells:

 Your Spells              Type           Power      Damage    Failure   Level
a - Slow                  Hex            16%        N/A       34%         1

Your spell library contained the following spells:

 Spells                   Type           Power      Damage    Failure   Level
 Inner Flame              Hex/Fire       2%         N/A       83%         3
 Portal Projectile        Hex/Tloc       4%         N/A       83%         3
 Cause Fear               Hex            2%         N/A       98%         4

Inventory:

Hand Weapons
 Y - a +1 sling (weapon)
Armour
 e - a +0 ring mail (worn)
Scrolls
 d - a scroll of enchant armour
Potions
 a - a potion of mutation {unknown}
 b - a potion of curing {unknown}
 c - a potion of haste
 g - a potion of might {unknown}

Dungeon Overview and Level Annotations

Branches:
Dungeon (4/15)
 Temple: D:4-7

Altars:
Hepliaklqana

Shops:
D:3 :


Message History

You start resting.
Something hits you. Something shocks you.
Deactivating autopickup; reactivate with Ctrl-A.
Autopickup is now on.
You start resting.
Something hits you. Something shocks you.
Deactivating autopickup; reactivate with Ctrl-A.
Autopickup is now on.
You start resting.
Something hits you. Something shocks you.
Deactivating autopickup; reactivate with Ctrl-A.
You shoot a sling bullet. Something hits you but does no damage.
You shoot a sling bullet. Something hits you but does no damage.
You shoot a sling bullet. Something hits you but does no damage.
You shoot a sling bullet.
Something hits you but does no damage. x2
You shoot a sling bullet. Something hits you but does no damage.
You shoot a sling bullet. Something hits you but does no damage.
You shoot a sling bullet. Something hits you but does no damage.
You shoot a sling bullet.
Something hits you but does no damage. x2
You shoot a sling bullet. Something hits you. Something shocks you.
You shoot a sling bullet.
A sky beast appears from thin air!
Reactivating autopickup.
The sky beast hits you but does no damage.
You shoot a sling bullet. The sling bullet hits the sky beast.
The sky beast is severely wounded.
The sky beast closely misses you.
You shoot a sling bullet.
The sling bullet barely misses the sky beast.
The sky beast hits you. The sky beast shocks you.
You die...

'## #.#.# #.# # ..## #...# #.# ##
...## ###.## ####.###### ##.
....## ###.#.#####.........# ##..
.....###.........#<##......###...
.....+.......................+...
.....###.......#.#.###.....###...
....## #.#.#...#.#.# #.#.#.# ##..
...## #.###...#@#.###.###.# ##.
..## #.####.##Y#.........# ## '##
#.........#####.##### # .#
######.#### #.# # .#### #.# #.# #
.##.#########.# #.# ### #
...#..........# #.# ##.###
....########### #.# #..... ..#.#
#.# ##.###


You could see a sky beast.

Vanquished Creatures
  A black bear (D:3)
  A kobold brigand (D:4)
  A hound (D:4)
  2 adders (D:2)
  A worm (D:2)
  3 dart slugs
  6 orcs
  7 ball pythons
  3 endoplasms
  4 giant cockroaches
  4 hobgoblins
  7 jackals
  2 quokkas (D:2)
  3 bats
  2 frilled lizards
  A goblin (D:1)
  8 kobolds
  2 rats (D:2)
58 creatures vanquished.

Notes
Turn   | Place    | Note
-------+----------+-------------------------------------------
     0 | D:1      | qw the Minotaur Hexslinger began the quest for the Orb.
     0 | D:1      | Reached XP level 1. HP: 16/16 MP: 1/1
     0 | D:1      | 0 ||| qw: Version: 0.3-a-46-gb1f654a
     0 | D:1      | 0 ||| qw: Game counter: 1323
     0 | D:1      | 0 ||| qw: Melee chars always use a shield: true
     0 | D:1      | 0 ||| qw: God list: Okawaru
     0 | D:1      | 0 ||| qw: Allow faded altars: false
     0 | D:1      | 0 ||| qw: Do Orc after clearing Dungeon:15 true
     0 | D:1      | 0 ||| qw: Do second Lair branch before Depths: true
     0 | D:1      | 0 ||| qw: Lair rune preference: random
     0 | D:1      | 0 ||| qw: Goals: Normal
     0 | D:1      | 0 ||| PLANNING D:1-11
   100 | D:1      | Reached skill level 3 in Ranged Weapons
   100 | D:1      | Reached XP level 2. HP: 20/23 MP: 2/2
   280 | D:1      | 280 ||| UPGRADING to +0 leather armour.
   290 | D:1      | 290 ||| DROPPING +0 robe.
   291 | D:1      | 291 ||| READING scroll labelled ANWOOPIYPP.
   503 | D:1      | 503 ||| Stepping ~*~*~tactically~*~*~ (outnumbered).
   598 | D:1      | Found a faded altar of an unknown god.
   791 | D:1      | 791 ||| DRINKING 2 sapphire potions.
   792 | D:1      | 792 ||| DRINKING 2 puce potions.
   897 | D:1      | 897 ||| DRINKING 2 sedimented dark potions.
   898 | D:1      | 898 ||| DROPPING scroll of poison.
   899 | D:1      | 899 ||| DROPPING potion of berserk rage.
   965 | D:2      | Reached XP level 3. HP: 29/29 MP: 3/3
  1158 | D:2      | Reached skill level 4 in Ranged Weapons
  1247 | D:2      | You fall into a shaft and drop 2 floors!
  1257 | D:4      | Noticed a kobold brigand
  1269 | D:4      | Killed a kobold brigand
  1270 | D:4      | Reached skill level 5 in Ranged Weapons
  1270 | D:4      | Reached XP level 4. HP: 14/36 MP: 4/4
  1270 | D:4      | HP: 9/36 [orc/+0 trident (5)]
  1271 | D:4      | 1271 ||| DRINKING potion of heal wounds.
  1283 | D:4      | Reached XP level 5. HP: 13/44 MP: 5/5
  1286 | D:4      | Reached skill level 3 in Fighting
  1402 | D:4      | 1402 ||| READING scroll labelled WED ZUPAHUD.
  1406 | D:4      | Found a hazy altar of Hepliaklqana.
  1409 | D:3      | Found Fec Erruy's Vocational Training.
  1436 | D:3      | 1436 ||| UPGRADING to +0 ring mail.
  1446 | D:3      | 1446 ||| DROPPING +0 leather armour.
  1734 | D:2      | Reached skill level 1 in Armour
  1808 | D:2      | 1808 ||| READING scroll labelled OSYJITW FOBO.
  2482 | D:3      | Noticed a black bear
  2492 | D:3      | Killed a black bear
  2493 | D:3      | Reached skill level 6 in Ranged Weapons
  2493 | D:3      | Reached XP level 6. HP: 40/51 MP: 6/6
  2609 | D:3      | 2609 ||| READING scroll labelled KOAFOE VEXI.
  2610 | D:3      | 2610 ||| READING scroll labelled GIREKK XIALO.
  2611 | D:3      | 2611 ||| DRINKING 2 smoky grey potions.
  2621 | D:3      | 2621 ||| DROPPING potion of ambrosia.
  2656 | D:4      | Noticed a sky beast
  2661 | D:4      | 2661 ||| STAIRDANCE
  2675 | D:3      | HP: 8/51 [something (5)]
  2678 | D:3      | Slain by a sky beast

Levels and vault maps discovered:
D:1:      minmay_arrival_semitransparent, layout_basic,
          dreamdust_ecumenical_altar_angels_and_demons,
          nicolae_concentric_dashed_squares_mild
D:2:      layout_basic
D:3:      layout_loops_corners, nicolae_shop_vocational
D:4:      layout_loops_cross, mainiacjoe_overflow_catwalk

Skill      XL: |  1  2  3  4  5 |
---------------+----------------+-----
Ranged Weapons | 3 5 6 |  6.4
Fighting       | 2 3 |  3.0
Armour         | 1 |  1.0
Dodging        | |  2.1
Spellcasting   | |  1.0
Hexes          | |  2.0

Action                     |  1- 3 |  4- 6 || total
---------------------------+-------+-------++-------
   Fire: Sling             |    96 |    98 ||   194
    Use: Potion            |     3 |     2 ||     5
         Scroll            |     1 |     4 ||     5
 Armour: Robe              |     1 |       ||     1
         Leather armour    |     3 |     6 ||     9
         Ring mail         |       |    28 ||    28
  Dodge: Dodged            |    28 |    35 ||    63

Table legend:
 A = Non-vault XP
 B = Vault XP
 C = Vault XP percentage of total XP
 D = Non-vault monster count
 E = Vault monster count
 F = Vault count percentage of total count
                 A         B        C        D         E       F
            +---------+---------+-------+---------+---------+-------
      Total |     396 |       0 |   0.0 |      58 |       0 |   0.0
            +---------+---------+-------+---------+---------+-------
        D:1 |      33 |       0 |   0.0 |      18 |       0 |   0.0
        D:2 |      64 |       0 |   0.0 |      20 |       0 |   0.0
        D:3 |     149 |       0 |   0.0 |      15 |       0 |   0.0
        D:4 |     150 |       0 |   0.0 |       5 |       0 |   0.0
            +---------+---------+-------+---------+---------+-------
